[Event "*** Titled Tuesday Blitz"]
[Site "Chess.com"]
[Date "2020.03.03"]
[Round "5"]
[White "Sven_Tica"]
[Black "Jospem"]
[Result "0-1"]
[WhiteElo "2660"]
[BlackElo "2920"]
[TimeControl "180+1"]
[EndTime "13:52:44 PST"]
[Termination "Jospem won by resignation"]

1. d4 Nf6 2. Nf3 e6 3. c4 Bb4+ 4.
Bd2 c5 5. Bxb4 cxb4 6. e3 O-O 7.
Bd3 a5 8. O-O d6 9. a3 Na6 10.
Be2 Qc7 11. axb4 Nxb4 12. Na3 Bd7 13. Qb3 Rfc8 14. Rfc1 b6 15. Qd1 h6 16. Qe1 Qb7 17.
Nd2 Bc6 18. f3 d5 19. Qd1 Qe7 20. Qb3 e5 21. dxe5 Qxe5 22. f4 Qe7 23. Bf3 Re8 24.
Re1 Rad8 25. Rad1 dxc4 26. Ndxc4 Bxf3 27. gxf3 Qe6 28. Qc3 Qh3 29. Ne5 Rxd1 30. Rxd1 Nfd5 31.
Qb3 Rxe5 32. fxe5 Qxf3 33. Nc4 a4 34. Qxa4 b5 35. Qa8+ Kh7 36. Rxd5 Nxd5 37. Nd6 Qd1+ 38. Kf2 Qd2+ 39. Kg1 Qxe3+ 40. Kf1 Qf4+ 41. Kg1 Qc1+ 42. Kf2 Qxb2+ 43. Kf1 Ne3+ 44. Ke1 Nc2+ 45. Kd1 Ne3+ 46. Ke1 Qxe5 47. Qh8+ Kxh8 48. Nxf7+ Kg8 49. Nxe5 Nc4 50. Nc6 Kf7 51. Ke2 Nd6 52. Ke3 Kf6 53. Kf4 Nf5 54. Kg4 g6 55. h4 h5+ 56. Kh3 Ke6 57. Nb4 Kd6 58. Nd3 Kd5 59. Nf4+ Ke4 60. Nxg6 b4 61. Nf8 b3 62. Ne6 b2 63. Nc5+ Ke3 0-1

[Event "*** Titled Tuesday Blitz"]
[Site "Chess.com"]
[Date "2020.03.03"]
[Round "5"]
[White "RemcoSpr"]
[Black "Everyfishknows"]
[Result "0-1"]
[WhiteElo "2263"]
[BlackElo "2416"]
[TimeControl "180+1"]
[EndTime "13:52:44 PST"]
[Termination "Everyfishknows won on time"]

1. e4 e5 2. Nf3 Nc6 3. d4 exd4 4.
Nxd4 Bb4+ 5. c3 Bc5 6. Nb3 Bb6 7.
Na3 a6 8. Nc4 Ba7 9. Ne3 Nf6 10.
Qc2 O-O 11. Bd2 Re8 12. f3 d5 13. O-O-O dxe4 14. f4 Ng4 15. Nc4 Nf2 16. Be2 Nxh1 17.
Rxh1 e3 18. Be1 Qf6 19. Bd3 g6 20. h4 Qxf4 21. Rf1 Qh6 22. Kb1 Be6 23. Bg3 b5 24. Nca5 Nxa5 25. Nxa5 Bb6 26. Nc6 Bd5 27. Ne5 Bxg2 28.
Ng4 Qg7 29. Nf6+ Kh8 30. Qxg2 e2 31. Bxe2 Re6 32. Ng4 Rae8 33. Bd3 f5 34. Nh2 Rf6 35. Nf3 Rfe6 36. Bf4 R6e7 37. Qd2 c6 38. h5 Bc7 39.
hxg6 hxg6 40. Bh6 Qf7 41. Ng5 Qd5 42. Qc2 Kg8 43. Rd1 Qe5 44. Bf1 Qf6 45. Qb3+ Kh8 0-1

[Event "*** Titled Tuesday Blitz"]
[Site "Chess.com"]
[Date "2020.03.03"]
[Round "5"]
[White "Irishchessman16"]
[Black "JustDazzled"]
[Result "0-1"]
[WhiteElo "2180"]
[BlackElo "1979"]
[TimeControl "180+1"]
[EndTime "13:52:44 PST"]
[Termination "JustDazzled won by checkmate"]

1. e4 g6 2. d4 Bg7 3. Nc3 c6 4. f4 d5 5. e5 Nh6 6. Nf3 O-O 7. Be3 f6 8. Qd2 Bg4 9. Be2 Nd7 10. O-O-O Nf5 11. Bf2 fxe5 12. dxe5 Bxf3 13. Bxf3 e6 14. h4 Bh6 15. g4 Nxe5 16. Be2 Nd6 17. g5 Nec4 18.
Bxc4 Nxc4 19. Qe2 Bg7 20. Qxe6+ Kh8 21. Bd4 Qe8 22. Bxg7+ Kxg7 23. Qg4 Qe3+ 24. Kb1 Qxf4 25. Qd7+ Qf7 26. Qh3 Qf3 27. Qh2 Rae8 28. h5 gxh5 29. Rdg1 Rf7 30. g6 hxg6 31. Qh4 Nd2+ 32. Ka1 Ne4 33.
Qe1 Ref8 34. Nxe4 dxe4 35. Qb4 e3 36. Qd4+ Kh7 37. Rxg6 Kxg6 38. Rg1+ Kh6 39. Qd3 Qf5 40. Qxe3+ Kh7 41. Qg3 Qf1+ 42. Rxf1 Rxf1+ 43. Qe1 Rxe1# 0-1

[Event "*** Titled Tuesday Blitz"]
[Site "Chess.com"]
[Date "2020.03.03"]
[Round "5"]
[White "Shahinyan_ChessMood"]
[Black "MathiasWomacka"]
[Result "1-0"]
[WhiteElo "2616"]
[BlackElo "2389"]
[TimeControl "180+1"]
[EndTime "13:52:45 PST"]
[Termination "Shahinyan_ChessMood won by checkmate"]

1. e4 c5 2. Nc3 Nc6 3. Bb5 Nd4 4. Bc4 e6 5. Nf3 Nf6 6. O-O a6 7. a4 d5 8. exd5 exd5 9. Re1+ Be7 10. Be2 O-O 11.
d3 Re8 12. h3 Nxe2+ 13. Nxe2 h6 14. Bf4 Be6 15. Bh2 b5 16. Nf4 Bf5 17. Qd2 d4 18.
Ne5 Bd6 19. Nf3 Qd7 20. axb5 axb5 21. Rxa8 Rxa8 22. c3 dxc3 23. Qxc3 Bxf4 24. Bxf4 Nd5 25. Qe5 Nxf4 26. Qxf4 Qxd3 27. Ne5 Qc2 28. Nc6 Be6 29.
Qe5 Kh8 30. f4 Rc8 31. Ne7 Rd8 32. f5 Bc4 33. f6 g6 34. Qf4 Kh7 35. Nc6 Rd1 36.
Rxd1 Qxd1+ 37. Kh2 Qd5 38. Ne7 Qe6 39. Qb8 Bd3 40.
Qg8# 1-0

[Event "*** Titled Tuesday Blitz"]
[Site "Chess.com"]
[Date "2020.03.03"]
[Round "5"]
[White "davserr65"]
[Black "MaxLeto"]
[Result "0-1"]
[WhiteElo "2079"]
[BlackElo "2407"]
[TimeControl "180+1"]
[EndTime "13:52:46 PST"]
[Termination "MaxLeto won on time"]

1. Nf3 d5 2. c4 d4 3. b4 c5 4.
b5 f6 5. g3 e5 6. d3 Bd6 7.
Bg2 Ne7 8. O-O O-O 9. Nbd2 Be6 10. a4 Nd7 11. a5 Rb8 12. Nb3 h6 13. e3 dxe3 14. fxe3 e4 15. dxe4 Ne5 16. Qc2 Nxc4 17. Bd2 Qc7 18. Rfe1 Nxd2 19. Nfxd2 Rfd8 20. Nc4 b6 21. axb6 axb6 22. Rad1 Be5 23. Nxe5 Qxe5 24. Nd2 Bg4 25.
Rc1 Rd7 26. Nc4 Qc7 27. h3 Bh5 28. g4 Bf7 29. Rcd1 Rbd8 30. Rxd7 Rxd7 31. Rc1 Ng6 32. Qc3 Nh4 33. Qe1 Nxg2 34. Kxg2 Bg6 35. Nd2 Qb7 36.
Rc4 Re7 37. Qb1 Qd7 38. Qc2 h5 39. gxh5 Bxh5 40. Rc3 Re5 41. Qb3+ Kh7 42. Rd3 Rg5+ 43. Kh2 Qc7+ 44. e5 Qxe5+ 0-1

[Event "*** Titled Tuesday Blitz"]
[Site "Chess.com"]
[Date "2020.03.03"]
[Round "5"]
[White "FearNoEvil12"]
[Black "ChessBitl"]
[Result "1-0"]
[WhiteElo "2015"]
[BlackElo "2304"]
[TimeControl "180+1"]
[EndTime "13:52:46 PST"]
[Termination "FearNoEvil12 won on time"]

1. e4 c5 2. Nc3 Nc6 3. f4 g6 4. Nf3 Bg7 5. Bc4 e6 6. f5 Nge7 7. fxg6 hxg6 8. d3 a6 9. a4 d5 10. Bb3 b6 11. O-O f5 12. Bg5 Qc7 13. g3 fxe4 14.
dxe4 d4 15. Ne2 Ne5 16. Bf4 Nxf3+ 17. Rxf3 e5 18. Bg5 c4 19. Bxe7 Kxe7 20. Qf1 Ke8 21. Nxd4 exd4 22. Bxc4 Rf8 23. Rxf8+ Bxf8 24. Bd5 Bb7 25.
Qf6 d3 26. Qxg6+ Kd8 27. cxd3 Kc8 28. Qg8 Qc5+ 29. Kh1 Kb8 30. Rf1 Ka7 31. Qh7 Be7 32. Rf7 Re8 33. Bxb7 Kxb7 34. d4 Qd6 35. Kg2 Kb8 36.
d5 Qe5 37. h4 Qxb2+ 38. Kh3 Qe5 39. h5 b5 40. axb5 axb5 41. Qg6 Qd6 42. g4 Qxg6 43.
hxg6 Bg5 44. g7 Be7 45. e5 b4 46. d6 b3 47. dxe7 b2 48. Rf8 1-0

[Event "*** Titled Tuesday Blitz"]
[Site "Chess.com"]
[Date "2020.03.03"]
[Round "5"]
[White "Maili15"]
[Black "gemarin"]
[Result "1-0"]
[WhiteElo "2329"]
[BlackElo "2097"]
[TimeControl "180+1"]
[EndTime "13:52:47 PST"]
[Termination "Maili15 won on time"]

1. d4 d5 2. c4 c6 3. Nf3 Nf6 4.
Nc3 dxc4 5. a4 Bf5 6. Ne5 e6 7. g3 Bb4 8. Bg2 O-O 9. O-O Nbd7 10. Nxc4 h6 11. e4 Bh7 12. Qe2 Qe7 13. Bf4 a6 14.
Na2 Rfd8 15. Nxb4 Qxb4 16. Bd6 c5 17. Rfc1 Rac8 18. dxc5 Nxc5 19. Be7 Rd7 20. Bxf6 gxf6 21. Ne3 Rdc7 22. Rc4 Qb6 23. Rac1 Nd7 24. Qh5 Rxc4 25. Rxc4 Rxc4 26. Nxc4 Qd4 27. b3 b5 28. axb5 axb5 29.
Qxb5 Nc5 30. Qb8+ Kg7 31. Qd6 Qxd6 32. Nxd6 Nxb3 33. Kf1 Kf8 34. Ke2 Ke7 35. Nc4 f5 36. e5 Nc5 37. f4 Bg6 38. Ke3 Bh5 39. Bc6 Bd1 40. Kd4 Nb3+ 41. Kc3 Nc5 42. Kd2 Ba4 43. Bxa4 Nxa4 44. Ke3 Nc5 45. Kf2 Ne4+ 46. Kg2 f6 47. Kh3 fxe5 48. Nxe5 Kf6 49. Kh4 Nf2 50. Kh5 Kg7 51. g4 1-0

[Event "*** Titled Tuesday Blitz"]
[Site "Chess.com"]
[Date "2020.03.03"]
[Round "5"]
[White "amiralfio"]
[Black "Danfii"]
[Result "1-0"]
[WhiteElo "2610"]
[BlackElo "2417"]
[TimeControl "180+1"]
[EndTime "13:52:55 PST"]
[Termination "amiralfio won by resignation"]

1. Nf3 d5 2. c4 d4 3. b4 g5 4.
Bb2 Bg7 5. Nxg5 e5 6. Ne4 f5 7. Nc5 b6 8. Nd3 Bb7 9. e3 Ne7 10. Qh5+ Kf8 11. Be2 Nd7 12. exd4 Nf6 13. Qh4 exd4 14.
Qxd4 Qxd4 15. Bxd4 Rd8 16. Nf4 Kf7 17. Bc3 Ng6 18.
Nxg6 hxg6 19. f3 Rhe8 20. Kf2 Bh6 21. a4 Re7 22. a5 Rde8 23. Bd3 Nh5 24. g3 Rd7 25. Bc2 Nf6 26. axb6 axb6 27. Ra7 Ng4+ 28. fxg4 Bxh1 29. gxf5 gxf5 30. Bxf5 Rde7 31. Bg4 Be4 32.
Na3 Bd3 33. Nb5 Bxc4 34. Bh5+ Kf8 35. Bxe8 Rxe8 36. Nxc7 Re2+ 37. Kf3 Bxd2 38. Bxd2 Rxd2 39. Rb7 Rd7 40. Rb8+ Ke7 41. Na8 Bd5+ 42. Kf4 b5 43. Nb6 Be6 44. Nxd7 Bxd7 45. Ke5 Bc6 46. Rb6 Bd7 47. Rb7 Kd8 48. Rxd7+ Kxd7 49. h4 Kc6 50. h5 Kd7 51. h6 Ke7 52. h7 Kf7 53. Kd5 Kg7 54.
Kc5 Kh8 55. Kxb5 Kxh7 56. Kc6 Kg6 57. b5 Kg5 58. b6 Kg4 59. b7 Kxg3 60. b8=Q+ Kf3 61.
Qe5 Kf2 62. Qe4 1-0

[Event "*** Titled Tuesday Blitz"]
[Site "Chess.com"]
[Date "2020.03.03"]
[Round "5"]
[White "almaguerjm"]
[Black "stoleriu"]
[Result "0-1"]
[WhiteElo "2312"]
[BlackElo "2482"]
[TimeControl "180+1"]
[EndTime "13:52:56 PST"]
[Termination "stoleriu won by resignation"]

1. d4 e6 2. e4 d5 3. Nd2 Be7 4. Bd3 c5 5. c3 cxd4 6. cxd4 Nc6 7. Ngf3 dxe4 8. Nxe4 Nf6 9. O-O O-O 10. Be3 Bd7 11.
Rc1 Rc8 12. Bb1 Nxe4 13. Bxe4 Qb6 14. a3 Rfd8 15. d5 Qxb2 16. dxc6 Bxc6 17. Qc2 Qxc2 18.
Bxc2 Bxf3 19. gxf3 Bxa3 20. Bxa7 Bxc1 21. Rxc1 Rc6 22.
Be3 Rdc8 23. Rb1 Rxc2 24. Rxb7 R2c7 25. Rb5 f6 26. Kg2 Kf7 27. h4 Rd7 28. Rb4 h5 29.
Kg3 Kg6 30. Kg2 Rc6 31. Kg3 Kf5 32. Kg2 e5 33. Kg3 g5 34. hxg5 fxg5 35. Rb5 Rcd6 36. Ra5 Rd5 37. Ra8 Rg7 38. Rf8+ Ke6 39. Re8+ Kf7 40.
Rb8 Kg6 41. Rb6+ Kf5 42. Rb8 g4 43. Rf8+ Ke6 44. f4 exf4+ 45. Rxf4 Rf5 46. Ra4 Rf3+ 47. Kg2 h4 48. Ra6+ Kd5 49. Ra5+ Kc6 50. Ra6+ Kb5 51. Rb6+ Kc4 52. Rc6+ Kd5 53. Rc5+ Kd6 54. Rc4 h3+ 55. Kf1 g3 56. Rh4 gxf2 57. Rh6+ Kd5 58. Rh5+ Ke4 59.
Bxf2 Rg2 60. Rh4+ Rf4 0-1

[Event "*** Titled Tuesday Blitz"]
[Site "Chess.com"]
[Date "2020.03.03"]
[Round "5"]
[White "gena217"]
[Black "Tayson_7"]
[Result "1/2-1/2"]
[WhiteElo "3007"]
[BlackElo "2711"]
[TimeControl "180+1"]
[EndTime "13:53:00 PST"]
[Termination "Game drawn - insufficient material"]

1. a3 Nf6 2. d4 g6 3. Nf3 Bg7 4. e3 O-O 5. Be2 d5 6. O-O Bg4 7. Nbd2 Nbd7 8. b4 c6 9. Bb2 b5 10. a4 a6 11. Nb3 Ne4 12. Na5 Qc7 13. h3 Bxf3 14. gxf3 Nd6 15. f4 Nb6 16. axb5 axb5 17. Bc3 f6 18. Bg4 Na4 19. Be1 e5 20. fxe5 fxe5 21.
dxe5 Bxe5 22. Ra3 Kh8 23. Bf3 Nb2 24. Qe2 Nbc4 25. Rd3 Nxa5 26. bxa5 Nc4 27. Bg2 Nxa5 28. f4 Bg7 29. e4 dxe4 30. Qxe4 Rae8 31. Qf3 c5 32.
Kh1 Nc4 33. Qc6 Qxc6 34. Bxc6 Rb8 35. Bg2 b4 36. Bf2 Rbc8 37. Rd5 Rxf4 38. Bxc5 Rxf1+ 39. Bxf1 Na3 40. Ba6 Re8 41. Bd3 Bc3 42. Kg2 Nb1 43.
Rd7 Nd2 44. Rb7 Ne4 45. Bxb4 Bxb4 46. Rxb4 Nc5 47. Kf2 Nxd3+ 48. cxd3 Kg7 49. Rb7+ Kh6 50. Kf3 g5 51. d4 Kg6 52. d5 h5 53. d6 Kf6 54. Rh7 Rd8 55. Rxh5 Rxd6 56. Rh6+ Ke5 57. Rxd6 Kxd6 58. Kg4 Ke7 59. Kxg5 Kf7 60. h4 Kg7 61. h5 Kh7 62. h6 Kh8 63. h7 Kxh7 1/2-1/2

[Event "*** Titled Tuesday Blitz"]
[Site "Chess.com"]
[Date "2020.03.03"]
[Round "5"]
[White "czasnaszachy"]
[Black "praveenb2002"]
[Result "0-1"]
[WhiteElo "2276"]
[BlackElo "2635"]
[TimeControl "180+1"]
[EndTime "13:53:01 PST"]
[Termination "praveenb2002 won on time"]

1. d4 Nf6 2. c4 e6 3. Nf3 d5 4.
Nc3 Be7 5. Bf4 O-O 6. e3 b6 7. cxd5 Nxd5 8. Nxd5 Qxd5 9. Bd3 Bb4+ 10. Ke2 Ba6 11. a3 Bd6 12. Bxd6 Qxd6 13. Bxa6 Nxa6 14.
Qd3 Nb8 15. Rhc1 Nd7 16. Rc3 c5 17. dxc5 Qxd3+ 18. Rxd3 Nxc5 19. Rc3 Rad8 20. Rd1 Ne4 21. Rc2 Rc8 22. Rdc1 Rxc2+ 23. Rxc2 Nc5 24. b4 Na6 25. Ne5 f6 26. Nc6 Ra8 27. Rd2 Nc7 28. Rd7 Nb5 29. a4 Nc3+ 30. Kd3 Nxa4 31. Rxa7 Nb2+ 32.
Kc2 Rxa7 33. Nxa7 Nc4 34. Nc8 b5 35. Na7 Nd6 36. Kd3 e5 37. Nc6 Kf7 38. Na5 Ke6 39. Nb3 Kd5 40. f3 f5 41. Nc5 e4+ 42. Kc3 Nc4 43.
fxe4+ fxe4 44. Nd7 Nxe3 45. g3 Nf1 46. Nf8 h6 47. Ng6 Nxh2 48. Ne7+ Ke6 49. Nc6 Nf3 50. Na7 h5 51. Nxb5 g5 52. Nd4+ Kd5 53. Ne2 Ne5 54. b5 Nd7 55. Kd2 Nb6 56. Ke3 Nc4+ 57. Kf2 Ke5 58. Nc3 Kd4 59. Ne2+ Kd3 60. Nc1+ Kd2 61. Ne2 e3+ 62. Kf3 Ne5+ 63. Ke4 Kxe2 0-1

[Event "*** Titled Tuesday Blitz"]
[Site "Chess.com"]
[Date "2020.03.03"]
[Round "5"]
[White "AvitalBor"]
[Black "nocnypako"]
[Result "1/2-1/2"]
[WhiteElo "2783"]
[BlackElo "2586"]
[TimeControl "180+1"]
[EndTime "13:53:03 PST"]
[Termination "Game drawn - insufficient material"]

1. e4 e6 2. d4 d5 3. Nd2 c5 4. exd5 Qxd5 5. dxc5 Bxc5 6. Ngf3 Nf6 7. Bc4 Qh5 8. Qe2 Nc6 9. O-O O-O 10. h3 a6 11. Ne4 Nxe4 12. Qxe4 Qg6 13. Qxg6 hxg6 14. Rd1 b5 15. Be2 Bb7 16. Rd7 Ra7 17. a4 b4 18.
Be3 Bxe3 19. fxe3 Rd8 20. Rad1 Rxd7 21. Rxd7 Bc8 22. Rd6 Rc7 23. Ng5 Kf8 24. Bf3 Bb7 25.
Bxc6 Bxc6 26. a5 Ke7 27. Rd4 Bb5 28. Rxb4 Rxc2 29. Nf3 Rc4 30. Rxc4 Bxc4 31. Kf2 Bd5 32. Nd2 Kd6 33. e4 Bb7 34. b4 Kc6 35. Nc4 Ba8 36. Na3 e5 37. Ke3 f5 38. Nc4 Kb5 39.
Nxe5 Bxe4 40. Nxg6 Bxg2 41. h4 Kxb4 42. Ne7 Bh3 43. Kf4 Kxa5 44. Nxf5 Bxf5 45. Kxf5 Kb6 46. Kg6 a5 47. Kxg7 a4 48. h5 a3 49. h6 a2 50. h7 a1=Q+ 51. Kg8 Qg1+ 52. Kh8 Qd4+ 53.
Kg8 Qg4+ 54. Kh8 Qh5 55. Kg8 Qg6+ 56. Kh8 Qf5 57. Kg8 Qe5 58. h8=Q Qxh8+ 59. Kxh8 1/2-1/2

[Event "*** Titled Tuesday Blitz"]
[Site "Chess.com"]
[Date "2020.03.03"]
[Round "5"]
[White "Dale"]
[Black "karinachess1"]
[Result "1-0"]
[WhiteElo "1943"]
[BlackElo "2513"]
[TimeControl "180+1"]
[EndTime "13:53:04 PST"]
[Termination "Dale won on time"]

1. c3 c5 2. d3 d5 3. g3 Nf6 4.
Bg2 Nc6 5. Bg5 e5 6. Qb3 d4 7.
Nd2 Be7 8. Ngf3 O-O 9. O-O h6 10. Bxf6 Bxf6 11. Rac1 Be7 12. cxd4 exd4 13. Ne4 b6 14. Nfd2 Be6 15. Qa4 Bd5 16. a3 f5 17.
b4 Rc8 18. bxc5 fxe4 19. dxe4 Be6 20. cxb6 Qxb6 21. Rb1 Qa5 22. Qxa5 Nxa5 23. Nf3 Rfd8 24. Rfd1 Bc5 25. a4 Bb3 26. Rf1 Bc4 27. Rfe1 Rb8 28. Rbc1 Bb4 29. Red1 Bc3 30. Bf1 Bb3 31. Ne5 Bxd1 32.
Rxd1 Rbc8 33. Bh3 Rb8 34. Be6+ Kh7 35. Bf5+ g6 36. Bxg6+ Kg7 37. Bf5 Rb4 38. Nd3 Rxa4 39. Nf4 Kf7 40. Nd5 Rb8 41. e5 Nc4 42. e6+ Kg7 43. e7 Nd6 44. Bd7 Ne8 45. Bxa4 Kf7 46. Nxc3 dxc3 47. Rc1 Rc8 48. Kg2 Nd6 49. Kf3 Kxe7 50.
Ke3 Nb7 51. Bd1 Na5 52. Kd3 Rd8+ 53. Kxc3 Rc8+ 54. Kd2 Rd8+ 55. Ke1 Rd7 56. Ba4 Rb7 57. h3 a6 58. h4 Ke6 59. Bd1 1-0

[Event "*** Titled Tuesday Blitz"]
[Site "Chess.com"]
[Date "2020.03.03"]
[Round "5"]
[White "goldenspine"]
[Black "Rhinos1"]
[Result "1-0"]
[WhiteElo "2352"]
[BlackElo "2166"]
[TimeControl "180+1"]
[EndTime "13:53:07 PST"]
[Termination "goldenspine won on time"]

1. d4 Nf6 2. c4 g6 3. Nc3 Bg7 4. e4 d6 5. Nf3 O-O 6. Be2 e5 7. O-O Nc6 8. d5 Ne7 9. Ne1 Nd7 10. Be3 f5 11. f3 f4 12. Bf2 g5 13. b4 a5 14. a3 b6 15. Nd3 h5 16. c5 axb4 17.
axb4 Rxa1 18. Qxa1 bxc5 19. bxc5 Rf6 20. Nb5 Rg6 21.
cxd6 cxd6 22. Rc1 g4 23. Qa7 g3 24. hxg3 fxg3 25. Be3 Nf8 26. Qc7 Qxc7 27. Rxc7 Bd7 28. Nb4 h4 29. Nc6 Nc8 30. Rxc8 Bxc8 31. Ne7+ Kh7 32.
Nxg6 Nxg6 33. Nxd6 Bd7 34. Nf7 Bf6 35. Bd2 Kg7 36. Nd6 h3 37. gxh3 Bxh3 38. Ne8+ Kf7 39. Nxf6 Kxf6 40. Be1 Nf4 41. Bb5 g2 42. Bg3 Nh5 43.
Bh4+ Kf7 44. d6 Nf6 45. Bc4+ Kg7 46. Bg3 Nd7 47. Bb5 Kf6 48. Bc4 Nb6 49. Bb3 Nd7 50.
f4 exf4 51. Bxf4 Ne5 52. Bd1 Ng6 53. Bg3 Ne5 54. Kh2 Bg4 55. Bxg4 Nxg4+ 56. Kxg2 Ke6 57. Kf3 Nf6 58. e5 1-0

[Event "*** Titled Tuesday Blitz"]
[Site "Chess.com"]
[Date "2020.03.03"]
[Round "5"]
[White "ChadBiryani"]
[Black "Abund"]
[Result "0-1"]
[WhiteElo "2445"]
[BlackElo "2677"]
[TimeControl "180+1"]
[EndTime "13:53:08 PST"]
[Termination "Abund won by resignation"]

1. b3 e5 2. Bb2 Nc6 3. e4 Nf6 4.
Nc3 Bc5 5. h3 a6 6. a4 d6 7. Bc4 O-O 8. Nf3 Be6 9. O-O Kh8 10. d3 Qd7 11. Ng5 h6 12. Bxe6 fxe6 13. Nf3 Qf7 14. Ne2 Ba7 15. Ng3 Nh5 16. Nxh5 Qxh5 17.
Nxe5 Bxf2+ 18. Rxf2 Qxd1+ 19. Rxd1 Rxf2 20. Kxf2 Nxe5 21. Bxe5 dxe5 22. Ke2 Rd8 23. Rf1 Kg8 24. g4 Rd7 25. h4 Rf7 26. Rxf7 Kxf7 27. b4 Ke7 28. c4 Kd6 29. Kd2 b6 30. a5 Kc6 31. axb6 cxb6 32. Kc3 Kd6 33. Kb3 Kc6 34. Ka4 Kb7 35. Ka3 Kc6 36. Kb3 Kc7 37. Ka4 Kd6 38. Kb3 Kc6 39. Kc3 Kc7 40. Kb3 Kd6 41. Ka4 g6 42. Kb3 h5 43. gxh5 gxh5 44. Ka4 Kc6 45. Kb3 Kd6 46. Kc3 Kd7 47. d4 exd4+ 48. Kxd4 Kc6 49. Kc3 a5 50. Kb3 Kd6 51. bxa5 bxa5 52. Ka4 Kc5 53. Kxa5 Kxc4 54. Kb6 Kd4 55. Kc6 e5 56. Kd6 Kxe4 57. Ke6 Kf4 58. Kf6 e4 59. Kg6 Kg4 0-1

[Event "*** Titled Tuesday Blitz"]
[Site "Chess.com"]
[Date "2020.03.03"]
[Round "5"]
[White "guillembaches"]
[Black "RitvarsReimanis"]
[Result "1/2-1/2"]
[WhiteElo "2422"]
[BlackElo "2622"]
[TimeControl "180+1"]
[EndTime "13:53:10 PST"]
[Termination "Game drawn by repetition"]

1. e4 c5 2. Nf3 Nc6 3. d4 cxd4 4. Nxd4 Nf6 5. Nc3 e5 6. Ndb5 d6 7. Bg5 a6 8. Na3 b5 9. Nd5 Be7 10. Bxf6 Bxf6 11. c4 b4 12. Nc2 O-O 13. Be2 Be6 14.
O-O Ra7 15. Qd3 Bxd5 16. cxd5 Nb8 17. Nxb4 Qb6 18. Nc6 Nxc6 19. dxc6 Qxc6 20. Rfc1 Qb6 21. b3 a5 22. Rc4 g6 23. Rac1 Bg5 24. Rc6 Qb4 25.
Rd1 Be7 26. Qd5 a4 27. Rc4 Qa3 28. Rxa4 Rxa4 29. bxa4 Qxa4 30. Bc4 Kg7 31. g3 h5 32. Rd3 h4 33. Rf3 Qc2 34. Rxf7+ Kh6 35. Rxf8 Bxf8 36. gxh4 Qc1+ 37. Kg2 Be7 38. Qd3 Bxh4 39. Qe3+ Qxe3 40.
fxe3 Bd8 41. Kf3 Kg5 42. Ke2 Ba5 43. Kd3 Kh4 44. Be6 g5 45. h3 Kg3 46. a4 Kf2 47. Kc4 Kxe3 48. Bf5 Bb6 49. Kd5 Bc5 50. a5 Kf4 51. a6 Kf3 52. Kc6 Kf4 53. Kd5 Kf3 54. Kc4 Ke3 55. Kd5 Kf4 56. Be6 Ke3 57. Bg4 Kf4 58. Bf5 1/2-1/2

[Event "*** Titled Tuesday Blitz"]
[Site "Chess.com"]
[Date "2020.03.03"]
[Round "5"]
[White "rasmussvane"]
[Black "Gentlejimmy7"]
[Result "1-0"]
[WhiteElo "2902"]
[BlackElo "2699"]
[TimeControl "180+1"]
[EndTime "13:53:14 PST"]
[Termination "rasmussvane won by checkmate"]

1. Nf3 Nf6 2. g3 g6 3. Bg2 Bg7 4. O-O O-O 5. d4 d5 6. c4 Nc6 7. cxd5 Nxd5 8. e4 Nb6 9. d5 Na5 10. Nc3 c6 11. Bf4 cxd5 12. exd5 Nac4 13. Qe2 Re8 14.
Rac1 Bg4 15. b3 Nd6 16. h3 Bxf3 17. Bxf3 Rc8 18. Nb5 Rxc1 19. Rxc1 a6 20. Nxd6 exd6 21. Qd2 Be5 22. Bg5 Qd7 23. Bg4 f5 24. Bf3 Rc8 25. Be3 Rxc1+ 26. Qxc1 Qc8 27. Qd2 Nd7 28. h4 Qc3 29. Qe2 Nc5 30. h5 Qd3 31. Qe1 Ne4 32.
Qa5 Bf6 33. Qc7 Qxd5 34. Qd7 Qe5 35. Qxb7 a5 36. Bf4 Qc5 37. Bxe4 fxe4 38. hxg6 hxg6 39. Qxe4 Kf7 40. Qb7+ Be7 41. Be3 Qe5 42. Qf3+ Bf6 43. Kg2 Ke6 44. Qg4+ Ke7 45. Qc4 Qb2 46. Qc7+ Ke6 47.
Qxa5 d5 48. Qb6+ Ke7 49. Qc7+ Ke6 50. Qc6+ Ke5 51. Bf4+ Ke4 52. Qe6+ Kd3 53. Qxd5+ Ke2 54. Qf3+ Ke1 55. Qe3+ Kd1 56. Qd3+ Ke1 57. Qf1# 1-0

[Event "*** Titled Tuesday Blitz"]
[Site "Chess.com"]
[Date "2020.03.03"]
[Round "5"]
[White "Gahan-MG"]
[Black "NTBT_DHS"]
[Result "1-0"]
[WhiteElo "2515"]
[BlackElo "2688"]
[TimeControl "180+1"]
[EndTime "13:53:16 PST"]
[Termination "Gahan-MG won by checkmate"]

1. e4 c5 2. Nf3 d6 3. Bb5+ Bd7 4. Bxd7+ Nxd7 5. O-O g6 6. Re1 Bg7 7. c3 Ngf6 8. d4 O-O 9. h3 cxd4 10. cxd4 Rc8 11.
Nc3 a6 12. e5 dxe5 13. dxe5 Ne8 14. Bg5 Nc7 15. Nd5 Re8 16. Nxe7+ Rxe7 17. Qd6 Nxe5 18.
Qxd8+ Rxd8 19. Bxe7 Nxf3+ 20. gxf3 Re8 21. Bd6 Ne6 22.
Ba3 Bh6 23. Rad1 Rc8 24. Rd7 b5 25. Ra7 Rc6 26. Rd1 Bf4 27. Rdd7 Ng5 28. Kg2 Ne6 29. Rxf7 Bb8 30. Rab7 Nf4+ 31. Kh2 Ne6+ 32. f4 Bxf4+ 33. Kg2 Bc7 34. Rd7 h5 35. h4 a5 36. Be7 Kf7 37.
Bd6+ Ke8 38. Rdxc7 Nxc7 39. Bxc7 a4 40. Be5 Rc5 41.
Bf6 Rc4 42. Rxb5 Kf7 43. Bg5 Rc2 44. Rb4 a3 45. Rb7+ Ke6 46. bxa3 Rxa2 47. Rb6+ Kf5 48.
Rb3 Kg4 49. Rg3+ Kf5 50. Rf3+ Kg4 51. Rc3 Kf5 52. Rc4 Rxa3 53. Rf4+ Ke5 54. Rf6 Ra4 55. Rxg6 Kf5 56. Rh6 Kg4 57. Rf6 Ra2 58. Rf4# 1-0

[Event "*** Titled Tuesday Blitz"]
[Site "Chess.com"]
[Date "2020.03.03"]
[Round "5"]
[White "Firouzja2003"]
[Black "Msb2"]
[Result "1-0"]
[WhiteElo "3071"]
[BlackElo "2873"]
[TimeControl "180+1"]
[EndTime "13:53:17 PST"]
[Termination "Firouzja2003 won by resignation"]

1. h4 d5 2. h5 c5 3. d3 Nc6 4. e4 dxe4 5. dxe4 Qxd1+ 6. Kxd1 Nf6 7. f3 b6 8. Be3 Bb7 9. Nd2 e6 10. h6 O-O-O 11. c3 Rg8 12. Kc2 g5 13. Bb5 Rg6 14.
Nc4 Nd7 15. Rd1 a6 16. Rxd7 Rxd7 17. Nxb6+ Kc7 18. Nxd7 Kxd7 19. Ba4 f5 20. Rh5 f4 21. Bf2 Kc7 22. Nh3 Be7 23. Kd1 Bc8 24. Ke2 e5 25.
Bb3 g4 26. Ng1 g3 27. Be1 Rg5 28. Rh1 Rg6 29. Bf7 Rf6 30. Bg8 Bf8 31. Bxh7 Bxh6 32.
Bg8 Ne7 33. Bc4 a5 34. Kd1 Bd7 35. Ne2 Nc8 36. Nc1 Nb6 37. Bg8 c4 38. b3 cxb3 39.
axb3 a4 40. Nd3 axb3 41. Bxb3 Rd6 42. Kc2 Bg7 43. Rh7 Bf6 44. c4 Kb8 45. c5 Rc6 46.
Kb2 Be6 47. Bxe6 Rxe6 48. cxb6 Rxb6+ 49. Kc2 Rd6 50. Bc3 Ra6 51. Rh6 Kc8 52. Bxe5 Ra2+ 53. Bb2 Bxb2 54. Nxb2 Ra1 55. Nd3 Rg1 56. Nxf4 Kd7 57.
Rg6 Rf1 58. Rxg3 Rf2+ 59. Kd3 Kd6 60. Ke3 Ra2 61. Nd3 Ra3 62. Rg6+ Ke7 63. f4 Kf7 64. f5 Ke7 65. e5 Ra1 66. Rg7+ Kf8 67. f6 Ra4 68. e6 Ra6 69. e7+ Ke8 70. Rg8+ 1-0

[Event "*** Titled Tuesday Blitz"]
[Site "Chess.com"]
[Date "2020.03.03"]
[Round "5"]
[White "DanielDardha2005"]
[Black "Jbd735"]
[Result "0-1"]
[WhiteElo "2661"]
[BlackElo "2506"]
[TimeControl "180+1"]
[EndTime "13:53:18 PST"]
[Termination "Jbd735 won by checkmate"]

1. e4 e5 2. Nf3 Nc6 3. Nc3 Nf6 4. Bb5 Nd4 5. Bc4 Bc5 6. O-O d6 7. Nxd4 Bxd4 8. Ne2 Bb6 9. d3 h6 10. Bb3 O-O 11.
Kh1 Ng4 12. Be3 Bxe3 13. fxe3 Nxe3 14. Qd2 Nxf1 15. Rxf1 Be6 16. Ng3 Bxb3 17. axb3 Qg5 18. Qd1 g6 19. d4 Rae8 20. Qd3 a6 21. Qc4 c6 22. dxe5 Qxe5 23. c3 Kg7 24. Rf3 Re6 25.
h3 Rf6 26. Re3 Rf2 27. Qd3 Rxb2 28. Rf3 h5 29. Qd1 h4 30. Qc1 hxg3 31. Qxb2 d5 32.
Qc1 dxe4 33. Re3 Rd8 34. Qe1 f5 35. Rxg3 Qf4 36. c4 Qd2 37. Qf1 Qd1 38. Kg1 Qxf1+ 39. Kxf1 Rd2 40. h4 Kf6 41. h5 gxh5 42. Rg8 Rb2 43.
Rf8+ Ke5 44. Rh8 Rxb3 45. Rxh5 Rc3 46. g4 Rf3+ 47. Ke2 b5 48. g5 bxc4 49. Rh6 Rg3 50. g6 c3 51. Kf2 Rg5 52. Ke3 c2 53. Rh2 Rxg6 54. Rd2 f4+ 55. Ke2 Rg2+ 56. Ke1 Rxd2 57. Kf1 c1=Q# 0-1